 Dungeon Sprint DCSS version 0.26-a0-662-g8b9c6dab81 (webtiles) character file.

Game seed: 18152135158824179976

3637 mhtbhm the Eclecticist (level 9, -2/45 HPs)
             Began as a Deep Elf Earth Elementalist on Oct 10, 2020.
             Was an Elder of Vehumet.
             Slain by a cane toad (12 damage)
             ... in the Dungeon (Sprint III: "The Ten Rune Challenge").
             The game lasted 00:05:27 (2159 turns).

mhtbhm the Eclecticist (DEEE)                       Turns: 2159, Time: 00:05:28

Health: -2/45      AC:  2    Str:  5    XL:     9   Next: 87%
Magic:  29/33      EV: 15    Int: 24    God:    Vehumet [****..]
Gold:   42         SH:  0    Dex: 15    Spells: 30/45 levels left

rFire    . . .     SeeInvis .   (no weapon)
rCold    . . .     Faith    .   (no shield)
rNeg     . . .     Spirit   .   c - +0 robe
rPois    .         Reflect  .   (no helmet)
rElec    .         Harm     .   (no cloak)
rCorr    .         Rampage  .   (no gloves)
MR       .....     NoTele   +   (no boots)
Stlth    +++.......             (no amulet)
HPRegen  0.15/turn              (no ring)
MPRegen  0.23/turn              (no ring)

@: hasted, very quick
A: no striking features
a: Renounce Religion


You were in the Dungeon.
You worshipped Vehumet.
Vehumet was greatly pleased with you.
You visited 1 branch You collected 42 gold pieces.

Inventory:

Missiles
 b - 30 stones (quivered)
 q - a throwing net
Armour
 c - a +0 robe (worn)
Scrolls
 a - a scroll of holy word {unknown}
 j - 3 scrolls of remove curse {unknown}
 m - a scroll of torment {unknown}
 n - a scroll of magic mapping {unknown}
Potions
 d - a potion of curing
 g - 2 potions of magic
 h - a potion of berserk rage
 k - 3 potions of flight
 l - 6 potions of mutation
 o - a potion of might
Miscellaneous
 p - a condenser vane (2/2)


   Skills:
 + Level 5.7 Dodging
 + Level 6.1 Stealth
 + Level 18.5 Spellcasting
 + Level 0.8 Conjurations
 + Level 1.1 Transmutations
 + Level 16.7 Earth Magic
 + Level 1.6 Evocations


You had 30 spell levels left.
You knew the following spells:

 Your Spells              Type           Power        Failure   Level
a - Sandblast             Erth           ######       0%          1
b - Passwall              Tmut/Erth      ######..     1%          2
c - Stone Arrow           Conj/Erth      ######       1%          3
d - Lee's Rapid Deconstr  Erth           #######...   1%          5
e - Petrify               Tmut/Erth      ######..     1%          4

Your spell library contained the following spells:

 Spells                   Type           Power        Failure   Level
 Static Discharge         Conj/Air       ###.....     1%          3
 Borgnjor's Vile Clutch   Necr/Erth      ######....   1%          5
 Animate Skeleton         Necr           ###...       2%          1
 Apportation              Tloc           ###...       2%          1
 Corona                   Hex            ###....      2%          1
 Summon Small Mammal      Summ           ###.         2%          1
 Animate Dead             Necr           ###.......   22%         4
 Death Channel            Necr           ###.......   98%         6
 Simulacrum               Ice/Necr       ###.......   98%         6


Dungeon Overview and Level Annotations

Branches:
Dungeon (1/1)

Altars:
Cheibriados
Dithmenos
Elyvilon
Fedhas
Gozag
Hepliaklqana
Kikubaaqudgha
Makhleb
Nemelex Xobeh
Okawaru
Qazlal
Ru
Sif Muna
Trog
Uskayaw
Vehumet
Wu Jian
Xom
Yredelemnul
Zin
The Shining One
Beogh
Jiyva
Lugonu


Message History

Okay, then.
Unknown command.
Unknown command.
You feel yourself speed up.
You feel sick. The cane toad stings you!
* * * LOW HITPOINT WARNING * * *
You are more poisoned.
The cane toad poisons you! The cane toad closely misses you.
* * * LOW HITPOINT WARNING * * *
You feel sick.
* * * LOW HITPOINT WARNING * * *
You feel sick. The cane toad barely misses you.
* * * LOW HITPOINT WARNING * * *
You feel sick.
Casting: Petrify (dangerous; 1% risk of failure)
Confirm with . or Enter, or press ? or * to list all spells.
Okay, then.
You feel better.
The cane toad stings the plant!
The plant begins to die.
There is an open door to the Lair of Beasts here.
The cane toad stings you!
You die...

.# '#
.#+#####################
.#...)#.#.#.)...#..^.^.+
.##.#.)#.##)###.#......#
.'##.#.#.##.#..##......#
.#...#..#..##..'^.^....#
▓▓▓▓▓▓▓▓▓▓▓▓▓▓▓#†..^...#
≈........≈≈≈.F.#@.^..^.#
l≈≈≈≈≈≈≈≈≈≈♣♣P.F..^....#
♣♣♣♣♣♣♣♣♣♣♣♣♣PP#.....^.#
♣♣♣##+######


You could see a cane toad.

Vanquished Creatures
  Erolcha (D)
  A deep elf mage (D)
  3 wandering mushrooms (D)
  A shadow (D)
  2 redbacks (D)
  A spatial vortex (D)
  A necrophage (D)
  5 two-headed ogres (D)
  A water elemental (D)
  A jelly (D)
  A wizard (D)
  Jessica (D)
  A necromancer (D)
  3 humans (D)
  A kobold demonologist (D)
  A phantom (D)
  2 rats (D)
27 creatures vanquished.

Vanquished Creatures (others)
  2 plants (D)
2 creatures vanquished.

Grand Total: 29 creatures vanquished

Notes
Turn   | Place    | Note
-------+----------+-------------------------------------------
     0 | D        | mhtbhm the Deep Elf Earth Elementalist began the quest for
                  | the Orb.
     0 | D        | Reached XP level 1. HP: 10/10 MP: 6/6
    36 | D        | Noticed Jessica
    40 | D        | Killed Jessica
    40 | D        | Reached skill level 4 in Spellcasting
    40 | D        | Reached skill level 5 in Earth Magic
    40 | D        | Reached XP level 2. HP: 15/15 MP: 4/9
   160 | D        | Reached XP level 3. HP: 19/19 MP: 9/11
   167 | D        | Reached skill level 5 in Spellcasting
   207 | D        | Learned a level 2 spell: Passwall
   211 | D        | Learned a level 3 spell: Stone Arrow
   462 | D        | Noticed a water elemental
   466 | D        | Killed a water elemental
   466 | D        | Reached skill level 7 in Spellcasting
   466 | D        | Reached XP level 4. HP: 24/24 MP: 8/15
   569 | D        | Found a radiant altar of Vehumet.
   569 | D        | Found a shimmering blue altar of Sif Muna.
   569 | D        | Found an ancient bone altar of Kikubaaqudgha.
   569 | D        | Noticed a wizard
   570 | D        | Killed a wizard
   570 | D        | Reached XP level 5. HP: 28/28 MP: 15/17
   571 | D        | Reached skill level 8 in Spellcasting
   716 | D        | Learned a level 5 spell: Lee's Rapid Deconstruction
   721 | D        | Learned a level 4 spell: Petrify
   724 | D        | Found a hide-covered altar of Uskayaw.
   724 | D        | Found a roughly hewn altar of Beogh.
   724 | D        | Found an iron altar of Okawaru.
   724 | D        | Found a bloodstained altar of Trog.
   724 | D        | Found an ornate altar of the Wu Jian Council.
   724 | D        | Noticed a human
   724 | D        | Noticed a human
   727 | D        | Killed a human
   727 | D        | Reached skill level 5 in Stealth
   727 | D        | Reached skill level 10 in Spellcasting
   727 | D        | Reached skill level 10 in Earth Magic
   727 | D        | Reached XP level 6. HP: 32/32 MP: 2/21
   729 | D        | Killed a human
   729 | D        | Reached skill level 5 in Dodging
   729 | D        | Reached skill level 11 in Spellcasting
   956 | D        | Found a basalt altar of Yredelemnul.
   956 | D        | Found a shadowy altar of Dithmenos.
   956 | D        | Found a sacrificial altar of Ru.
   958 | D        | Reached skill level 12 in Spellcasting
   958 | D        | Reached XP level 7. HP: 36/36 MP: 17/24
   999 | D        | Found a glowing silver altar of Zin.
   999 | D        | Found a glowing golden altar of the Shining One.
   999 | D        | Found a white marble altar of Elyvilon.
   999 | D        | Noticed a deep elf mage
  1001 | D        | Killed a deep elf mage
  1001 | D        | Reached skill level 14 in Spellcasting
  1136 | D        | Became a worshipper of Vehumet
  1153 | D        | Noticed a shadow
  1158 | D        | Killed a shadow
  1158 | D        | Reached XP level 8. HP: 41/41 MP: 9/28
  1250 | D        | Found a blossoming altar of Fedhas.
  1250 | D        | Found a stormy altar of Qazlal.
  1250 | D        | Found a snail-covered altar of Cheibriados.
  1250 | D        | Found a burning altar of Makhleb.
  1250 | D        | Found a shimmering altar of Xom.
  1251 | D        | Found a hazy altar of Hepliaklqana.
  1251 | D        | Found an opulent altar of Gozag.
  1251 | D        | Found a sparkling altar of Nemelex Xobeh.
  1251 | D        | Found a corrupted altar of Lugonu.
  1251 | D        | Found a viscous altar of Jiyva.
  1253 | D        | HP: 2/41 [spatial vortex (23)]
  1254 | D        | Reached * piety under Vehumet
  1254 | D        | Offered knowledge of Shock by Vehumet.
  1254 | D        | Reached skill level 15 in Spellcasting
  1616 | D        | Offered knowledge of Magic Dart by Vehumet.
  1616 | D        | Reached ** piety under Vehumet
  1671 | D        | Noticed a two-headed ogre
  1674 | D        | Killed a two-headed ogre
  1674 | D        | Reached skill level 16 in Spellcasting
  1677 | D        | Noticed Erolcha
  1680 | D        | Killed Erolcha
  1680 | D        | Reached skill level 17 in Spellcasting
  1680 | D        | Reached skill level 15 in Earth Magic
  1680 | D        | Reached skill level 1 in Evocations
  1680 | D        | Reached XP level 9. HP: 45/45 MP: 9/32
  1684 | D        | Noticed a two-headed ogre
  1691 | D        | Killed a two-headed ogre
  1899 | D        | Offered knowledge of Frozen Ramparts by Vehumet.
  1899 | D        | Reached *** piety under Vehumet
  2010 | D        | Noticed a wandering mushroom
  2015 | D        | Noticed a wandering mushroom
  2018 | D        | Killed a wandering mushroom
  2018 | D        | Reached skill level 18 in Spellcasting
  2051 | D        | Noticed a wandering mushroom
  2057 | D        | Killed a wandering mushroom
  2105 | D        | Killed a wandering mushroom
  2105 | D        | Offered knowledge of Static Discharge by Vehumet.
  2105 | D        | Reached **** piety under Vehumet
  2141 | D        | Noticed a cane toad
  2141 | D        | Noticed a komodo dragon
  2141 | D        | Noticed a cane toad
  2145 | D        | HP: 1/45 [cane toad (26)]
  2159 | D        | Slain by a cane toad

Illustrated notes

Levels and vault maps discovered:
D:        dungeon_sprint_mu [sprint_mu_entry_cave, sprint_mu_temple_rooms,
          sprint_mu_d1_spiders, sprint_mu_d2_genie, sprint_mu_d3_branching,
          sprint_mu_orc_legion, sprint_mu_elf_gauntlet, sprint_mu_hive_nellie,
          sprint_mu_lair_fedhas, sprint_mu_vaults_butterflies,
          sprint_mu_slime_circle, sprint_mu_swamp_cave, sprint_mu_shoals_kraken,
          sprint_mu_blade_basic, sprint_mu_crypt_lich, sprint_mu_tomb_spiral,
          sprint_mu_vestibule_basic, sprint_mu_gehenna_hellfire,
          sprint_mu_dis_giant, sprint_mu_tartarus_statrot,
          sprint_mu_cocytus_islands, sprint_mu_zot1]

Skill      XL: |  1  2  3  4  5  6  7  8  9 |
---------------+----------------------------+-----
Dodging        | 3 4 5 |  5.7
Stealth        | 3 4 5 6 |  6.1
Spellcasting   | 4 7 10 12 14 17 18 | 18.5
Earth Magic    | 5 7 8 10 11 13 15 16 | 16.7
Evocations     | 1 |  1.6
Conjurations   | |  0.8
Transmutations | |  1.1

Action                   |  1- 3 |  4- 6 |  7- 9 || total
-------------------------+-------+-------+-------++-------
 Cast: Sandblast         |    13 |     5 |     1 ||    19
       Lee's Rapid Decon |       |     3 |    20 ||    23
       Stone Arrow       |       |       |    13 ||    13
       Petrify           |       |       |     2 ||     2
Evoke: Condenser vane    |       |       |     2 ||     2
  Use: Potion            |       |       |     3 ||     3
       Scroll            |       |       |     1 ||     1
Dodge: Dodged            |     2 |     2 |     3 ||     7

Table legend: (Time is in decaauts)
 A = Elapsed time spent in this place.
 B = Non-inter-level travel time spent in this place.
 C = Inter-level travel time spent in this place.
 D = Time resting spent in this place.
 E = Time spent auto-exploring this place.
 F = Levels seen in this place.
 G = Mean time per level.
                   A        B        C        D        E       F      G
               +--------+--------+--------+--------+--------+-----+--------+
         Total |   2163 |   2163 |      0 |   1816 |     25 |   1 | 2163.0 |
       Dungeon |   2163 |   2163 |      0 |   1816 |     25 |   1 | 2163.0 |
               +--------+--------+--------+--------+--------+-----+--------+

Top non-repeatable levels by time:
       D: 2163 daAuts
